 Dungeon Sprint DCSS version 0.31-a0-841-g038b102fc3 (webtiles) character file.

Game seed: 1041108973836778443

28 sircluck the Ruffian (level 2, -9/32 HPs)
             Began as a Troll Berserker on Sept 27, 2023.
             Was a Follower of Trog.
             Mangled by a basilisk (12 damage)
             ... in the Dungeon (Sprint VII: "The Pits").
             The game lasted 00:00:16 (48 turns).

sircluck the Ruffian (Troll Berserker)                Turns: 48, Time: 00:00:16

Health: -9/32      AC:  4    Str: 24    XL:     2   Next: 96%
Magic:  1/1        EV:  5    Int:  3    God:    Trog [*.....]
Gold:   0          SH:  0    Dex:  9    Spells: 1/1 levels left

rFire   . .          .
                       - Unarmed
rCold   . . .        (no shield)
rNeg    . . .        a - +0 animal skin
rPois   .            (helmet restricted)
rElec   .            (no cloak)
rCorr   .            (gloves unavailable)
SInv    .            (boots unavailable)
Will    .....        (no amulet)
Stlth   +            (no ring)
HPRegen 1.05/turn    (no ring)
MPRegen 0.07/turn

%: no teleportation
@: petrifying, on berserk cooldown, slowed, very slow
A: large, unfitting armour, claws 3, regeneration 1, shaggy fur 1, tough skin 1
a: Renounce Religion, Berserk


You were in the Dungeon.
You worshipped Trog.
Trog was aware of your devotion.
You visited 1 branch

Inventory:

Armour
 a - a +0 animal skin (worn)
Scrolls
 g - a scroll of blinking
Potions
 b - a potion of curing
 c - a potion of heal wounds
 d - a potion of haste
 e - 2 potions of magic
 f - a potion of berserk rage


   Skills:
 + Level 3.7 Fighting
 + Level 3.7 Dodging
 + Level 4.5 Unarmed Combat


You had one spell level left.
You didn't know any spells.
Your spell library was empty.

Dungeon Overview and Level Annotations

Branches:
Dungeon (1/1)

Altars:


Innate Abilities, Weirdness & Mutations

You are too large for most types of armour.
You have claws for hands.
Your natural rate of healing is unusually fast.
You are covered in fur. (AC +1)
You have tough skin. (AC +1)


Message History

Your Unarmed Combat skill increases to level 4!
You have reached level 2!
Unknown command.
Unknown command.
The basilisk gazes at you.
You are slowing down.
There is an open door to the Entrance Hall (Safe) here.
Unknown command.
Unknown command.
You claw the basilisk!
The basilisk is moderately wounded.
The basilisk bites you but does no damage.
You mangle the basilisk!!
The basilisk is almost dead.
Your limbs are stiffening.
You closely miss the basilisk.
The basilisk is almost dead.
The basilisk closely misses you.
You have turned to stone.
The basilisk bites you. x2
The basilisk bites you! The basilisk bites you! The basilisk gazes at you.
You struggle to resist.
You are no longer berserk.
You feel yourself slow down. The basilisk bites you.
The basilisk hisses menacingly.
The basilisk bites you.
You turn to flesh and can move again.
Unknown command.
You scratch the basilisk but do no damage.
The basilisk is almost dead.
The basilisk misses you. The basilisk gazes at you.
You are slowing down.
You scratch the basilisk but do no damage.
The basilisk is almost dead.
The basilisk bites you!!
* * * LOW HITPOINT WARNING * * *
The basilisk bites you!!
You die...

##########++######
#................#
#......#..#......#
#................+
+................+
#......#..#......#
#...l............#
####@#####''######
#.......##''#
#.......##....
#.......##...##
#...<...##.J##
#.......##..#
#.......##..+
#.......##Z##
#########


You could see a basilisk.

Vanquished Creatures
  A jelly (D)
1 creature vanquished.

Notes
Turn   | Place    | Note
-------+----------+-------------------------------------------
     0 | D        | sircluck the Troll Berserker began the quest for the Orb.
     0 | D        | Reached XP level 1. HP: 22/22 MP: 0/0
    11 | D        | Noticed a jelly
    12 | D        | Noticed a basilisk
    35 | D        | Killed a jelly
    36 | D        | Reached skill level 4 in Unarmed Combat
    36 | D        | Reached XP level 2. HP: 24/32 MP: 1/1
    48 | D        | Mangled by a basilisk

Illustrated notes

Levels and vault maps discovered:
D:        pitsprint [storerooms_1, entrance_room_1, metal_vault_7, armoury_1,
          mini_pit_1, grid_room_1, main_hall_1, silver_pit, the_coven_3,
          the_vestibule_1, steel_vault_4, golden_pit, hallway_of_sentries,
          crystal_vault_5, iron_vault_4, final_vault]

Skill      XL: |  1 |
---------------+----+-----
Fighting       | 3 |  3.7
Dodging        | 3 |  3.7
Unarmed Combat | 4 |  4.5

Action                     || total
---------------------------++-------
  Melee: Unarmed           ||     8
 Invoke: Berserk           ||     1
 Armour: Animal skin       ||    15
  Dodge: Dodged            ||     7

Table legend: (Time is in decaauts)
 A = Elapsed time spent in this place.
 B = Non-inter-level travel time spent in this place.
 C = Inter-level travel time spent in this place.
 D = Time resting spent in this place.
 E = Time spent auto-exploring this place.
 F = Levels seen in this place.
 G = Mean time per level.
                   A        B        C        D        E       F      G
               +--------+--------+--------+--------+--------+-----+--------+
         Total |     47 |     47 |      0 |      0 |     11 |   1 |   47.0 |
       Dungeon |     47 |     47 |      0 |      0 |     11 |   1 |   47.0 |
               +--------+--------+--------+--------+--------+-----+--------+

Top non-repeatable levels by time:
       D: 47 daAuts
